Map: Oxide LE

Players

LiquidMaNa (MaNa)

  • Race: Protoss Protoss
  • League: Grandmaster

Serral - Winner!

  • Race: Zerg Zerg
  • League: Grandmaster

Event: DreamHack SC2 Masters 2021 Summer

VOD

Have the link to the VOD?

Description

Time

  • Played on: May 28, 2021, 11:07 a.m.
  • Length: 12:49

All games in this series

Show
View Real Time Build Order
Export as new Build Order

LiquidMaNa Protoss 

Build Orders: 1 Gate Expand, Oracle Opening 

Get SALT Encoding   

  12  0:00  Probe  
  13  0:12  Probe  
  14  0:19  Pylon  
  14  0:24  Probe  
  15  0:37  Probe (Chrono Boost)  
  15  0:40  Gateway  
  16  0:46  Probe (Chrono Boost)  
  16  0:49  Assimilator  
  17  0:51  Probe  
  18  1:03  Probe  
  19  1:15  Probe  
  20  1:28  Nexus  
  20  1:38  Cybernetics Core  
  20  1:40  Probe  
  21  1:47  Assimilator  
  21  1:52  Probe  
  22  1:59  Pylon  
  22  2:04  Probe  
  23  2:16  Adept (Chrono Boost)  
  23  2:17  Probe  
  23  2:19  Stargate  
  26  2:26  Warp Gate  
  26  2:29  Probe  
  27  2:40  Probe (Chrono Boost)  
  27  2:43  Stalker  
  31  2:46  Probe (Chrono Boost)  
  32  2:51  Probe (Chrono Boost)  
  32  2:56  Probe x2 (Chrono Boost)  
  34  3:00  Oracle (Chrono Boost)  
  37  3:06  Probe x2  
  39  3:16  Pylon  
  39  3:18  Probe x2  
  41  3:28  Oracle (Chrono Boost)  
  41  3:30  Probe x2  
  46  3:35  Gateway  
  46  3:38  Adept  
  48  3:42  Probe x2  
  48  3:43  Pylon  
  50  3:52  Assimilator  
  50  3:54  Probe x2, Assimilator  
  52  3:57  Void Ray  
  52  4:06  Probe x2  
  58  4:12  Pylon  
  58  4:18  Probe x2  
  60  4:30  Probe, Robotics Facility  
  60  4:31  Probe  
  62  4:36  Void Ray  
  62  4:43  Probe x2  
  67  4:54  Forge  
  67  4:55  Probe x2  
  69  5:02  Pylon  
  69  5:03  Pylon  
  69  5:06  Adept x2  
  68  5:07  Probe  
  68  5:11  Probe  
  68  5:14  Stargate  
  70  5:18  Robotics Bay  
  70  5:20  Observer  
  71  5:24  Nexus  
  71  5:25  Pylon  
  71  5:28  Probe x2  
  73  5:39  Stargate  
  73  5:44  Photon Cannon  
  73  5:45  Shield Battery, Void Ray (Chrono Boost)  
  73  5:47  Probe x2  
  75  5:52  Void Ray (Chrono Boost)  
  75  5:56  Protoss Air Weapons Level 1  
  79  6:00  Probe x2  
  85  6:12  Probe x2  
  85  6:17  Assimilator  
  87  6:20  Disruptor  
  87  6:22  Assimilator  
  87  6:24  Probe x2, Twilight Council  
  92  6:34  Protoss Ground Weapons Level 1 (Chrono Boost)  
  92  6:37  Probe x2  
  94  6:40  Gateway  
  94  6:41  Gateway  
  94  6:42  Gateway  
  94  6:44  Probe  
  95  6:49  Pylon  
  95  6:52  Probe  
  96  6:56  Probe, Gateway x2, Disruptor  
  96  6:59  Probe  
  101  7:04  Probe  
  101  7:06  Robotics Facility  
  101  7:07  Blink  
  102  7:11  Probe x2  
  104  7:16  Probe  
  104  7:20  Pylon  
  105  7:23  Probe, Pylon  
  105  7:24  Probe, Gateway  
  105  7:26  Gateway  
  107  7:33  Disruptor  
  110  7:45  Stalker x5  
  110  7:46  Photon Cannon  
  117  7:59  Probe x2  
  119  8:06  Photon Cannon  
  119  8:09  Stalker x5, Sentry x2  
  132  8:30  Protoss Ground Weapons Level 2 (Chrono Boost)  
  130  8:41  Colossus  
  132  8:53  Fleet Beacon  
  128  8:56  Colossus  
  128  9:02  Stargate  
  132  9:10  Pylon  
  132  9:12  Pylon  
  132  9:23  Pylon  
  128  9:24  Pylon  
  128  9:30  Shield Battery  
  128  9:31  Phoenix x2  
  129  9:32  Stalker x6  
  129  9:38  Stalker  
  141  9:41  Anion Pulse-Crystals  
  141  9:42  Stalker x2  
  145  9:46  Phoenix  
  147  9:55  Photon Cannon  
  147  9:57  Colossus  
  153  10:01  Zealot x2  
  153  10:04  Pylon, Nexus  
  156  10:19  Pylon  
  156  10:20  Pylon  
  156  10:21  Pylon  
  156  10:40  Stalker x2  
  156  10:41  Stalker x7  
  170  10:53  Observer  
  172  10:58  Warp Prism x2 (Chrono Boost)  
  172  11:03  Extended Thermal Lance (Chrono Boost)  
  173  11:17  Nexus  
  172  11:28  Templar Archives  
  172  11:39  Pylon  
  160  11:58  Stalker x7  
  160  11:59  Stalker x2  
  133  12:22  Stalker x8  
Show
View Real Time Build Order
Export as new Build Order

Serral Zerg - Winner!

Build Orders: Hatch First, Muta Ling Bane 

Get SALT Encoding   

  12  0:00  Drone  
  13  0:12  Overlord  
  13  0:17  Drone  
  14  0:31  Drone x2  
  16  0:41  Drone  
  17  0:52  Hatchery  
  17  0:54  Drone  
  17  0:57  Drone  
  18  1:07  Extractor  
  17  1:12  Spawning Pool  
  17  1:15  Drone  
  17  1:18  Drone  
  18  1:28  Drone  
  19  1:39  Drone  
  20  1:49  Overlord  
  20  1:58  Queen  
  22  2:03  Queen  
  22  2:04  Zergling x4  
  26  2:11  Drone  
  26  2:12  Metabolic Boost  
  26  2:14  Drone  
  28  2:22  Drone  
  29  2:25  Drone  
  30  2:34  Queen  
  32  2:43  Hatchery  
  31  2:45  Drone  
  31  2:46  Drone  
  31  2:50  Overlord  
  33  2:53  Drone  
  33  2:56  Drone  
  34  2:58  Drone  
  34  3:04  Overlord  
  35  3:10  Drone  
  35  3:12  Queen  
  36  3:14  Drone x2  
  36  3:16  Drone  
  41  3:20  Drone x2  
  41  3:22  Drone  
  44  3:27  Queen  
  44  3:30  Overlord  
  44  3:34  Drone x2  
  47  3:37  Zergling x2  
  49  3:42  Zergling x4  
  51  3:49  Overlord  
  51  3:54  Spore Crawler  
  50  3:58  Drone, Roach Warren  
  50  4:00  Queen  
  50  4:01  Zergling x2  
  54  4:02  Drone  
  54  4:06  Drone x2  
  54  4:07  Drone  
  54  4:08  Drone  
  58  4:12  Zergling x4  
  58  4:15  Spore Crawler  
  59  4:18  Zergling x6  
  62  4:26  Zergling x8  
  66  4:33  Extractor  
  66  4:34  Extractor  
  66  4:35  Drone  
  66  4:36  Drone x2  
  67  4:39  Drone x3  
  67  4:44  Drone  
  67  4:45  Drone x3  
  73  4:50  Overlord x2  
  73  4:53  Overlord  
  73  5:00  Drone  
  73  5:02  Drone  
  73  5:04  Lair  
  73  5:06  Extractor  
  73  5:07  Extractor, Overlord  
  73  5:09  Overlord  
  73  5:10  Drone x4  
  73  5:11  Drone  
  77  5:14  Drone x2  
  77  5:17  Spore Crawler  
  77  5:19  Drone, Overlord  
  77  5:20  Drone  
  79  5:25  Drone x3  
  82  5:30  Extractor  
  82  5:32  Drone x2  
  82  5:33  Drone, Evolution Chamber  
  82  5:37  Drone x2  
  82  5:39  Queen x2  
  82  5:42  Drone, Extractor  
  89  5:44  Extractor  
  89  5:49  Drone x5  
  92  5:54  Drone x3  
  95  6:05  Drone, Zerg Melee Weapons Level 1  
  95  6:06  Drone x3  
  95  6:11  Spire, Overseer  
  98  6:14  Hatchery  
  98  6:16  Overlord x2  
  97  6:19  Glial Reconstitution  
  97  6:29  Overseer  
  97  6:30  Zergling x4  
  97  6:31  Zergling x4  
  101  6:34  Roach x2  
  101  6:35  Roach x5  
  101  6:37  Overlord  
  115  6:42  Overlord  
  115  6:43  Queen  
  117  6:49  Queen  
  117  6:52  Extractor  
  117  6:53  Extractor  
  118  6:55  Drone x4  
  118  6:59  Overlord x2  
  122  7:02  Drone x2  
  122  7:04  Drone  
  122  7:05  Drone x2  
  127  7:12  Overlord x3  
  127  7:13  Overseer  
  127  7:16  Drone x2  
  127  7:17  Drone x2  
  129  7:27  Zerg Flyer Weapons Level 1  
  129  7:41  Spore Crawler  
  129  7:43  Mutalisk x11  
  150  7:55  Mutalisk x4  
  157  8:02  Infestation Pit  
  157  8:03  Drone x5  
  157  8:04  Drone x2  
  163  8:06  Zerg Melee Weapons Level 2  
  163  8:12  Overlord  
  163  8:13  Overlord  
  163  8:16  Drone  
  163  8:18  Baneling Nest  
  163  8:20  Hatchery  
  163  8:23  Zergling x16  
  170  8:30  Evolution Chamber  
  168  8:35  Zergling x2  
  168  8:36  Zergling x14  
  176  8:44  Zergling x16  
  182  8:48  Extractor  
  182  8:51  Extractor  
  182  8:53  Spore Crawler  
  179  8:59  Zerg Ground Armor Level 1, Hive  
  179  9:04  Centrifical Hooks  
  179  9:08  Ravager x5  
  179  9:09  Ravager x2  
  186  9:10  Baneling x14  
  186  9:21  Drone x2  
  186  9:22  Drone x4  
  186  9:24  Zergling x18  
  193  9:29  Baneling x16  
  193  9:30  Baneling  
  199  9:44  Baneling  
  199  9:45  Baneling x11  
  199  9:55  Baneling x12  
  199  10:00  Hatchery, Drone  
  199  10:25  Adrenal Glands  
  199  10:27  Ultralisk Cavern, Greater Spire  
  195  10:38  Zergling x32  
  199  10:44  Drone  
  200  10:56  Baneling x3  
  200  10:57  Baneling x5  
  200  11:09  Baneling x20  
  198  11:15  Chitinous Plating  
  198  11:17  Drone  
  197  11:19  Zergling x6  
  192  11:53  Overlord x2  
  191  11:58  Ultralisk  
  191  12:00  Baneling x5  
  193  12:11  Zergling x50  
  193  12:12  Zergling x34  
  195  12:22  Zergling x4  
  199  12:23  Zergling x2  
  199  12:28  Zergling x34  
Tags
 
Add a new tag
Caveats
  • Supply blocks, unpowered buildings, or Contaminate may cause inaccurate times.
  • Supply counts are checked every 10 seconds.